 Dungeon Crawl Stone Soup version 0.30-a0-953-g5f1da4a474 (webtiles) character file.

Game seed: 17503203064663830217

18201 voltaire321 the Tainter (level 12, -12/96 HPs)
             Began as a Demonspawn Venom Mage on Mar 28, 2023.
             Was a Follower of Wu Jian.
             Collided with some deep water (16 damage)
             ... caused by a swamp worm
             ... on level 2 of the Lair of Beasts.
             The game lasted 00:39:32 (12639 turns).

voltaire321 the Tainter (Demonspawn Venom Mage)    Turns: 12639, Time: 00:39:32

Health: -12/96     AC: 17    Str: 14    XL:     12   Next: 25%
Magic:  19/19      EV: 12    Int: 17    God:    Wu Jian [*.....]
Gold:   674        SH: 13    Dex: 13    Spells: 14/21 levels left

rFire   . . .      SeeInvis .    x - +6 rapier (drain)
rCold   . . .      Faith    .    O - +0 kite shield
rNeg    . . .      Spirit   .    c - +0 swamp dragon scales
rPois   +          Reflect  .    s - +2 helmet
rElec   .          Rampage  .    n - +0 cloak
rCorr   .                        (no gloves)
Will    .....                    H - +0 pair of boots
Stlth   +                        o - amulet of magic regeneration
HPRegen 0.36/turn                L - +4 ring of slaying
MPRegen 0.56/turn                z - +4 ring of slaying

@: about to teleport, very slow
A: claws 2, demonic guardian 3, sharp scales 2, condensation shield
a: Renounce Religion


You were on level 2 of the Lair of Beasts.
You worshipped Wu Jian.
Wu Jian was aware of your devotion.
You visited 3 branches of the dungeon, and saw 13 of its levels.
You also visited: Bailey.

You collected 674 gold pieces.

Inventory:

Hand Weapons
 g - the +4 rapier of Wereth {freeze, rCorr}
   (You found it on level 6 of the Dungeon)

   rCorr:     It protects you from acid and corrosion.
 x - a +6 rapier of draining (weapon)
 C - a +0 triple sword of draining
 D - the +27 heavy crossbow "Sniper" {heavy, Acc+∞ SInv}
   (You found it in a bailey)

   Acc+∞: It never misses its target.
   SInv:      It lets you see invisible.
Missiles
 p - 2 throwing nets
 N - 3 curare-tipped darts
Armour
 c - +0 swamp dragon scales (worn)
 n - a +0 cloak (worn)
 s - a +2 helmet (worn)
 H - a +0 pair of boots (worn)
 O - a +0 kite shield (worn)
Jewellery
 o - an amulet of magic regeneration (around neck)
 q - a ring of protection from cold
 z - a +4 ring of slaying (right claw)
 E - a +6 ring of dexterity
 K - a ring of resist corrosion
 L - a +4 ring of slaying (left claw)
Wands
 a - a wand of roots (20)
 e - a wand of charming (7)
 w - a wand of flame (2)
 y - a wand of mindburst (21)
 M - a wand of acid (7)
Scrolls
 d - 2 scrolls of enchant weapon
 k - 4 scrolls of teleportation
 A - a scroll of butterflies
 F - 3 scrolls of identify
 G - 2 scrolls of amnesia
 I - 3 scrolls of fog
 J - a scroll of magic mapping
 Q - a scroll of fear
 R - 2 scrolls of poison
 T - a scroll of enchant armour {unknown}
Potions
 b - 2 potions of magic
 f - a potion of cancellation {unknown}
 h - 10 potions of curing
 i - 2 potions of flight
 j - 5 potions of attraction {unknown}
 l - a potion of brilliance
 m - a potion of invisibility
 r - 2 potions of mutation {unknown}
 t - 3 potions of haste
 u - 2 potions of degeneration {unknown}
 v - a potion of resistance
 B - a potion of might
 P - 2 potions of lignification {unknown}
 S - a potion of heal wounds
 U - a potion of ambrosia {unknown}


   Skills:
 + Level 9.6 Fighting
 + Level 7.9 Armour
 + Level 9.0 Dodging
 - Level 1.7 Stealth
 + Level 5.4 Shields
 - Level 5.0 Spellcasting
 - Level 2.0 Transmutations
 - Level 10.0 Poison Magic


You had 14 spell levels left.
You knew the following spells:

 Your Spells              Type           Power      Damage    Failure   Level
a - Sting                 Tmut/Pois      96%        1d7       6%          1
b - Olgreb's Toxic Radia  Pois           38%        N/A       12%         4
c - Poisonous Vapours     Pois/Air       42%        N/A       14%         2

Your spell library contained the following spells:

 Spells                   Type           Power      Damage    Failure   Level
 Mephitic Cloud           Conj/Pois/Air  15%        N/A       50%         3
 Summon Small Mammal      Summ           16%        N/A       58%         1
 Call Canine Familiar     Summ           4%         N/A       91%         3
 Summon Guardian Golem    Hex/Summ       4%         N/A       91%         3


Dungeon Overview and Level Annotations

Branches:
Dungeon (10/15)            Temple (1/1) D:6            Lair (2/5) D:10
    Orc (0/2) D:10         Bailey (visited)
  Swamp: Lair:2-3    Shoals: Lair:2-3     Snake: Lair:2-3    Spider: Lair:2-3

Altars:
Ashenzari
Cheibriados
Dithmenos
Fedhas
Gozag
Hepliaklqana
Kikubaaqudgha
Makhleb
Nemelex Xobeh
Okawaru
Qazlal
Ru
Sif Muna
Trog
Uskayaw
Vehumet
Wu Jian
Xom
Yredelemnul

Shops:
D:4 *   D:9 ?


Innate Abilities, Weirdness & Mutations

You have very sharp fingernails.
A powerful demonic guardian rushes to your aid.
You are mostly covered in razor-sharp scales. (AC +2, Slay +2)
A meltable shield of frost defends you. (SH +4)


Message History

Your unstable footing causes you to fumble your attack.
The swamp worm bites you!
The swamp worm bites you but does no damage.
Your unstable footing causes you to fumble your attack.
A swamp worm comes into view.
The swamp worm misses you.
You puncture the swamp worm!
You kill the swamp worm!
The Council accepts your kill.
A seven-headed hydra comes into view.
The swamp worm closely misses you.
As you read the scroll of teleportation, it crumbles to dust.
You feel strangely unstable.
The seven-headed hydra roars!
You hear a croak.
The swamp worm bites you.
The seven-headed hydra closely misses you.
The seven-headed hydra bites you.
* * * LOW HITPOINT WARNING * * *
A demonic guardian appears!
The seven-headed hydra bites you but does no damage. x2
You block the seven-headed hydra's attack.
The seven-headed hydra bites you but does no damage. x2
Your smoke demon hits the swamp worm!
Your smoke demon barely misses the swamp worm.
Your smoke demon hits the swamp worm.
The swamp worm bites you!
* * * LOW HITPOINT WARNING * * *
The seven-headed hydra bites you but does no damage.
You block the seven-headed hydra's attack. x2
The seven-headed hydra completely misses you.
You block the seven-headed hydra's attack.
The seven-headed hydra closely misses you.
You block the seven-headed hydra's attack.
A cane toad comes into view.
Your smoke demon hits the swamp worm. x3
The swamp worm fires a harpoon shot at you.
The harpoon shot hits you!
* * * LOW HITPOINT WARNING * * *
You are yanked forward by the harpoon shot.
You violently stop moving!
You die...

. ... §♣♣♣♣ .... §..♣♣
........ ♣♣♣♣F..♣♣
........ ♣♣≈≈~≈...♣
##...... ♣≈3wD~~~♣♣
#....... ♣≈≈~≈~~~~♣♣
#...... ♣≈≈~@~~...♣
##...... ♣♣♣♣♣♣♣..♣♣
#P...... #..# #......
## ###.## #......
..#..#.#.#######÷.....
......................
......................
#######..#P.####...#..
####### ####..#


You could see a seven-headed hydra, a cane toad, a swamp worm (ally target) and
a friendly smoke demon (summoned).

Vanquished Creatures
  4 two-headed ogres
  Pikel (D:7)
  An orc knight (Bailey)
  3 cane toads
  A komodo dragon (D:10)
  A troll (D:9)
  A tyrant leech (Lair:2)
  Grinder (D:5)
  A hornet (D:8)
  A wraith (D:10)
  3 yaks (D:10)
  Eustachio (D:4)
  2 wyverns
  A basilisk (Lair:2)
  4 steam dragons
  Menkaure (D:6)
  2 swamp worms (Lair:2)
  4 water moccasins
  A black bear (Lair:1)
  Duvessa (D:6)
  2 ice beasts
  11 orc warriors
  3 centaurs
  A lemure (D:7)
  An ogre (D:6)
  2 phantoms
  3 kobold brigands
  8 bullfrogs
  A gnoll sergeant (D:10)
  A scorpion (D:5)
  A killer bee (D:9)
  7 howler monkeys
  A hound (D:5)
  2 jellies
  An orc priest (D:9)
  3 iguanas
  A sleepcap (D:4)
  5 orc wizards
  Robin (D:3)
  6 adders
  4 gnolls (D:10)
  A shadow imp (D:7)
  A white imp (D:8)
  3 ufetubi
  3 worms
  A dart slug (D:3)
  28 orcs
  14 endoplasms
  A giant cockroach (D:3)
  23 goblins
  7 hobgoblins
  14 jackals
  5 quokkas
  8 ball pythons
  4 bats
  A frilled lizard (D:1)
  15 kobolds
  10 rats
239 creatures vanquished.

Vanquished Creatures (collateral kills)
  An orc knight (Bailey)
  Maggie (D:6)
  A gargoyle (D:9)
  An orc warrior (D:9)
  A phantom (D:4)
  Dowan (D:6)
  An orc wizard (D:9)
  An adder (D:4)
  A ball python (D:1)
  A frilled lizard (D:1)
10 creatures vanquished.

Vanquished Creatures (others)
  A shadow imp (D:8)
  6 plants (D:10)
7 creatures vanquished.

Grand Total: 256 creatures vanquished

Notes
Turn   | Place    | Note
-------+----------+-------------------------------------------
     0 | D:1      | voltaire321 the Demonspawn Venom Mage began the quest for
                  | the Orb.
     0 | D:1      | Reached XP level 1. HP: 13/13 MP: 3/3
   189 | D:1      | Reached skill level 1 in Transmutations
   275 | D:1      | Gained mutation: A weak demonic guardian rushes to your
                  | aid. [demonic ancestry]
   275 | D:1      | Reached XP level 2. HP: 14/20 MP: 0/5
   663 | D:1      | Reached skill level 1 in Fighting
   897 | D:1      | Gained mutation: A demonic guardian rushes to your aid.
                  | [demonic ancestry]
   897 | D:1      | Reached XP level 3. HP: 23/26 MP: 1/6
  1746 | D:2      | Reached XP level 4. HP: 32/32 MP: 4/7
  1958 | D:2      | Found a faded altar of an unknown god.
  2863 | D:4      | Noticed Robin
  2899 | D:3      | Killed Robin
  2900 | D:3      | Gained mutation: A meltable shield of frost defends you.
                  | (SH +4) [demonic ancestry]
  2900 | D:3      | Reached XP level 5. HP: 37/38 MP: 4/9
  3053 | D:4      | Noticed Eustachio
  3160 | D:4      | Noticed a phantom
  3162 | D:4      | Reached skill level 4 in Poison Magic
  3306 | D:4      | Killed a phantom
  3307 | D:4      | Reached XP level 6. HP: 31/46 MP: 1/10
  3706 | D:4      | Killed Eustachio
  3912 | D:4      | Found Keysim's General Store.
  4024 | D:5      | Entered Level 5 of the Dungeon
  4075 | D:5      | Gained mutation: You are partially covered in razor-sharp
                  | scales. (AC +1, Slay +1) [demonic ancestry]
  4075 | D:5      | Reached XP level 7. HP: 49/52 MP: 6/12
  4185 | D:5      | Noticed Grinder
  4478 | D:4      | Reached skill level 5 in Poison Magic
  4595 | D:5      | Learned a level 4 spell: Olgreb's Toxic Radiance
  4731 | D:5      | Killed Grinder
  4732 | D:5      | Reached skill level 1 in Armour
  4732 | D:5      | Gained mutation: A powerful demonic guardian rushes to your
                  | aid. [demonic ancestry]
  4732 | D:5      | Reached XP level 8. HP: 42/60 MP: 14/14
  4885 | D:6      | Noticed Maggie
  4897 | D:6      | Killed Maggie
  5352 | D:6      | Noticed Duvessa
  5353 | D:6      | Noticed Dowan
  5370 | D:6      | Killed Dowan
  5371 | D:6      | Reached skill level 5 in Spellcasting
  5371 | D:6      | Reached skill level 6 in Poison Magic
  5387 | D:6      | Killed Duvessa
  5388 | D:6      | Reached skill level 5 in Fighting
  5388 | D:6      | Reached skill level 5 in Dodging
  5513 | D:6      | Identified the +4 rapier of Wereth {freeze, rCorr}
  5804 | D:6      | Found a staircase to the Ecumenical Temple.
  5811 | Temple   | Entered the Ecumenical Temple
  5993 | D:6      | Gained mutation: You have sharp fingernails. [demonic
                  | ancestry]
  5993 | D:6      | Reached XP level 9. HP: 63/68 MP: 16/16
  6113 | D:6      | Noticed Menkaure
  6118 | D:6      | Killed Menkaure
  6577 | D:7      | Found a flagged portal.
  6586 | Bailey   | Entered a bailey
  6753 | Bailey   | Learned a level 2 spell: Poisonous Vapours
  6820 | Bailey   | Reached skill level 7 in Poison Magic
  7449 | Bailey   | Found the +27 heavy crossbow "Sniper" {heavy, Acc+∞ SInv}
  7452 | Bailey   | Noticed an orc knight
  7452 | Bailey   | Noticed an orc knight
  7514 | Bailey   | Killed an orc knight
  7537 | Bailey   | Killed an orc knight
  7538 | Bailey   | Reached skill level 5 in Armour
  7538 | Bailey   | Gained mutation: You have very sharp fingernails. [demonic
                  | ancestry]
  7538 | Bailey   | Reached XP level 10. HP: 51/79 MP: 17/17
  7710 | D:7      | Noticed Pikel
  7718 | D:7      | Killed Pikel
  7800 | D:7      | Reached skill level 8 in Poison Magic
  8142 | D:7      | Found a shimmering blue altar of Sif Muna.
  8147 | D:7      | Identified the +0 scale mail "Paurot Zink" {rCorr}
  8343 | D:8      | Reached skill level 1 in Shields
  9186 | D:9      | Noticed a gargoyle
  9206 | D:9      | Killed a gargoyle
  9394 | D:9      | Reached skill level 9 in Poison Magic
  9394 | D:9      | Gained mutation: You are mostly covered in razor-sharp
                  | scales. (AC +2, Slay +2) [demonic ancestry]
  9394 | D:9      | Reached XP level 11. HP: 87/87 MP: 18/18
  9492 | D:9      | Noticed a two-headed ogre
  9515 | D:9      | Killed a two-headed ogre
 10151 | D:9      | Found a hide-covered altar of Uskayaw.
 10151 | D:9      | Found an ornate altar of the Wu Jian Council.
 10153 | D:9      | Found a hazy altar of Hepliaklqana.
 10153 | D:9      | Found a burning altar of Makhleb.
 10159 | D:9      | Became a worshipper of the Wu Jian Council
 10298 | D:9      | Noticed a two-headed ogre
 10308 | D:9      | Killed a two-headed ogre
 10384 | D:9      | Found Melaidog's Magic Scroll Shoppe.
 10444 | D:10     | Entered Level 10 of the Dungeon
 10453 | D:10     | Noticed a two-headed ogre
 10462 | D:10     | Killed a two-headed ogre
 10520 | D:10     | Noticed a two-headed ogre
 10532 | D:10     | Killed a two-headed ogre
 10821 | D:10     | Reached XP level 12. HP: 95/95 MP: 19/19
 11326 | D:10     | Found a staircase to the Lair.
 11356 | D:10     | Reached skill level 5 in Shields
 11456 | D:10     | Found a staircase to the Orcish Mines.
 11589 | Lair:1   | Entered Level 1 of the Lair of Beasts
 11992 | Lair:1   | Reached skill level 10 in Poison Magic
 12389 | Lair:2   | Reached * piety under Wu Jian
 12636 | Lair:2   | Noticed a seven-headed hydra
 12639 | Lair:2   | HP: 4/96 [swamp worm/harpoon shot (9)]
 12639 | Lair:2   | Collided with some deep water

Illustrated notes

Levels and vault maps discovered:
D:1:      spicycebolla_arrival_risky_transporter, layout_basic
D:2:      layout_rooms, hellmonk_ecumenical_altar_dog_temple, basic_altar
D:3:      layout_basic
D:4:      layout_cave_pools, lemuel_doored_altar, serial_shops, shop_fountains,
          uniq_robin, uniq_eustachio
D:5:      layout_basic, uniq_grinder
D:6:      layout_loops_corners, minmay_temple_entry_nine_rooms, uniq_duvessa,
          uniq_maggie, uniq_menkaure
D:7:      layout_loops_ring, mainiacjoe_overflow_six_doors_small,
          enter_bailey_3, uniq_pikel
D:8:      layout_basic
D:9:      kennysheep_ambush_hall, layout_basic, mainiacjoe_overflow_alcove_3,
          mainiacjoe_overflow_alcove_2, serial_shops, nicolae_shop_behind_doors
D:10:     layout_stronghold, david_lair_shrubbed, orc_0_dummy, minivault_27
Temple:   eino_wide_crystal_templ
Lair:1:   layout_regular_city
Lair:2:   layout_long_grid, palyth_hydra_swamp_entry, grunt_megastairs_4,
          serial_bayou_shore_b, infiniplex_staircase_pool, serial_bayou_shore_a,
          lemuel_fruit_fields

Skill      XL: |  1  2  3  4  5  6  7  8  9 10 11 12 |
---------------+-------------------------------------+-----
Transmutations | 1 2 |  2.0
Dodging        | 2 3 4 5 6 8 9 |  9.0
Fighting       | 1 2 3 4 5 7 8 9 |  9.6
Spellcasting   | 3 4 5 |  5.0
Poison Magic   | 4 5 6 7 9 10 | 10.0
Armour         | 1 3 5 6 7 |  7.9
Shields        | 3 4 5 |  5.4
Stealth        | |  1.7

Action                     |  1- 3 |  4- 6 |  7- 9 | 10-12 || total
---------------------------+-------+-------+-------+-------++-------
  Melee: Short sword       |    83 |    97 |       |       ||   180
         Unarmed           |     4 |       |       |       ||     4
         Punch             |     1 |     1 |     2 |       ||     4
         Rapier            |       |    10 |   168 |   225 ||   403
   Cast: Sting             |    78 |   126 |    38 |    19 ||   261
         Poisonous Vapours |       |       |    12 |     7 ||    19
         Olgreb's Toxic Ra |       |       |     5 |     7 ||    12
Ability: Lunge             |       |       |       |     3 ||     3
  Evoke: Wand              |       |       |     5 |       ||     5
    Use: Scroll            |       |     4 |    10 |     4 ||    18
         Potion            |       |       |       |     2 ||     2
   Stab: Sleeping          |       |       |     1 |       ||     1
 Armour: Robe              |    24 |    52 |    14 |       ||    90
         Swamp dragon scal |       |       |    65 |    99 ||   164
  Dodge: Dodged            |    69 |   128 |   148 |   102 ||   447
  Block: Other             |       |    33 |    31 |       ||    64
         Buckler           |       |       |       |    45 ||    45
         Kite shield       |       |       |       |    47 ||    47

Table legend: (Time is in decaauts)
 A = Elapsed time spent in this place.
 B = Non-inter-level travel time spent in this place.
 C = Inter-level travel time spent in this place.
 D = Time resting spent in this place.
 E = Time spent auto-exploring this place.
 F = Levels seen in this place.
 G = Mean time per level.
                   A        B        C        D        E       F      G
               +--------+--------+--------+--------+--------+-----+--------+
         Total |  12740 |  12378 |    362 |   3678 |   5612 |  14 |  910.0 |
       Dungeon |  10505 |  10143 |    362 |   2938 |   4826 |  10 | 1050.5 |
        Temple |     46 |     46 |      0 |      0 |     12 |   1 |   46.0 |
          Lair |   1076 |   1076 |      0 |    188 |    662 |   2 |  538.0 |
        Bailey |   1110 |   1110 |      0 |    552 |    112 |   1 | 1110.0 |
               +--------+--------+--------+--------+--------+-----+--------+

Top non-repeatable levels by time:
     D:6: 1609 daAuts
     D:9: 1290 daAuts
     D:1: 1271 daAuts
     D:4: 1258 daAuts
    D:10: 1156 daAuts
  Bailey: 1110 daAuts
     D:3: 1095 daAuts
     D:8: 912 daAuts
  Lair:1: 770 daAuts
     D:2: 731 daAuts
     D:7: 669 daAuts
     D:5: 510 daAuts
  Lair:2: 306 daAuts
  Temple: 46 daAuts
